 Dungeon Crawl Stone Soup version 0.29.1-15-g9cfb28693d (webtiles) character file.

Game seed: 1821358168073224038

2411 fortdeath9 the Shield-Bearer (level 9, 0/76 HPs)
             Began as a Troll Fighter on Apr 14, 2023.
             Was a Follower of the Shining One.
             Shot with a bolt by an orc warrior (10 damage)
             ... in a bailey on Apr 15, 2023.
             The game lasted 01:17:55 (4443 turns).

fortdeath9 the Shield-Bearer (Troll Fighter)        Turns: 4443, Time: 01:17:55

Health: 0/76       AC:  8    Str: 24    XL:     9   Next: 23%
Magic:  8/8        EV:  9    Int: 10    God:    the Shining One [*.....]
Gold:   382        SH:  8    Dex:  7    Spells: 4/8 levels left

rFire   . . .      SeeInvis .   r - +3 dagger (venom)
rCold   . . .      Faith    +   b - +0 kite shield
rNeg    + + .      Spirit   .   a - +0 robe
rPois   .          Reflect  .   (helmet restricted)
rElec   +          Harm     .   (no cloak)
rCorr   .          Rampage  .   (gloves unavailable)
Will    +....                   (boots unavailable)
Stlth   +.........              k - amulet of Dishonour {Faith +Blink rElec rN++ Int-4}
HPRegen 1.02/turn               e - +4 ring of protection
MPRegen 0.11/turn               j - +6 ring of intelligence

@: glowing
A: large, unfitting armour, claws 3, regeneration 1, shaggy fur 1, tough skin 1,
clumsy 1, frail 1, strong-willed 1, weak 1
a: Renounce Religion, Evoke Blink, Divine Shield


You were in a bailey.
You worshipped the Shining One.
The Shining One was aware of your devotion.
You visited 2 branches of the dungeon, and saw 8 of its levels.
You also visited: Bailey.

You collected 382 gold pieces.

Inventory:

Hand Weapons
 c - a +0 arbalest
 r - a +3 dagger of venom (weapon)
 x - a +4 battleaxe
Missiles
 d - 28 stones
 l - 3 curare-tipped darts (quivered)
 p - 3 boomerangs
Armour
 a - a +0 robe (worn)
 b - a +0 kite shield (worn)
Jewellery
 e - a +4 ring of protection (left claw)
 g - a ring of see invisible
 i - an amulet of guardian spirit
 j - a +6 ring of intelligence (right claw)
 k - the amulet of Dishonour (around neck) {Faith +Blink rElec rN++ Int-4}
   (You found it on level 2 of the Dungeon)

   [amulet of faith]

   It allows you to gain divine favour quickly.
   Int:       It affects your intelligence (-4).
   rElec:     It insulates you from electricity.
   rN:        It greatly protects you from negative energy.
   +Blink:    It lets you blink.
 s - a ring of fire
Scrolls
 f - 3 scrolls of teleportation
 m - 2 scrolls of noise
 t - a scroll of vulnerability
 u - a scroll of poison
 y - a scroll of magic mapping {unknown}
Potions
 h - 3 potions of brilliance
 n - a potion of curing
 o - a potion of flight
 q - 2 potions of lignification {THIS BETTER BE AN END ALL BEINGS POTION}
 z - a potion of invisibility {unknown}
 A - 2 potions of magic {unknown}
 B - a potion of ambrosia {unknown}


   Skills:
 + Level 4.4 Fighting
 - Level 5.0 Short Blades
 * Level 3.0 Axes
 + Level 0.4 Throwing
 + Level 5.5 Dodging
 + Level 0.5 Stealth
 + Level 6.1 Shields
 + Level 2.6 Unarmed Combat
 + Level 0.3 Evocations


You had 4 spell levels left.
You knew the following spells:

 Your Spells              Type           Power      Damage    Failure   Level
a - Summon Ice Beast      Ice/Summ       0%         N/A       100%        4

Your spell library contained the following spells:

 Spells                   Type           Power      Damage    Failure   Level
 Apportation              Tloc           0%         N/A       63%         1
 Ensorcelled Hibernation  Hex/Ice        0%         N/A       77%         2
 Passwall                 Tmut/Erth      0%         N/A       77%         2
 Frozen Ramparts          Ice            0%         1d1       94%         3
 Swiftness                Air            0%         N/A       94%         3
 Ice Form                 Ice/Tmut       0%         N/A       100%        4
 Alistair's Intoxication  Tmut/Pois      0%         N/A       100%        5


Dungeon Overview and Level Annotations

Branches:
Dungeon (7/15)             Temple (1/1) D:5          Bailey (1/1)

Altars:
Ashenzari
Dithmenos
Elyvilon
Fedhas
Gozag
Kikubaaqudgha
Makhleb
Nemelex Xobeh
Qazlal
Ru
Sif Muna
Trog
Uskayaw
Vehumet
Xom
The Shining One

Shops:
D:2 !   D:6 (

Annotations:
D:3 3 runed translucent doors, Imhoden's ghost, amateur DrAE


Innate Abilities, Weirdness & Mutations

You are too large for most types of armour.
You have claws for hands.
Your natural rate of healing is unusually fast.
You are covered in fur. (AC +1)
You have tough skin. (AC +1)
You are clumsy. (Dex -2)
You are frail. (-10% HP)
You are strong-willed. (Will+)
You are weak. (Str -2)


Message History

The orc shouts!
An orc comes into view. It is wielding a +0 arbalest.
The orc moves out of view.
An orc warrior comes into view. It is wielding a +0 arbalest.
The orc warrior shouts!
You hear a shout! x2
The orc shouts!
The orc warrior shoots a bolt.
You block the bolt.
Throw: 5 darts (curare)
Press: ? - help, Q - select action, (/) - cycle Shift-Dir - straight line, f - orc
Aim: an orc, wielding a +0 arbalest and wearing a +0 ring mail (58% to hit)
You throw a curare-tipped dart. The curare-tipped dart hits the orc.
The orc is poisoned.
The orc convulses.
You kill the orc!
The orc warrior shoots a bolt.
The bolt hits you!
Throw: 4 darts (curare)
Press: ? - help, Q - select action, (/) - cycle Shift-Dir - straight line, f - orc warrior
Aim: an orc warrior, wielding a +0 arbalest and wearing a +0 ring mail (45% to hit)
You throw a curare-tipped dart.
The curare-tipped dart barely misses the orc warrior.
The orc warrior shoots a bolt.
The bolt hits you!!
The orc shoots a bolt.
You block the bolt.
The orc warrior shoots a bolt.
You block the bolt.
The orc shoots a bolt.
You block the bolt.
An orc comes into view. It is wielding a +0 arbalest.
Found a gate leading back out of this place.
The orc shouts!
The orc warrior shoots a bolt.
The bolt hits you!
The orc shoots a bolt.
The bolt completely misses you.
The orc shoots a bolt.
The bolt barely misses you.
The orc warrior shoots a bolt.
You block the bolt.
The orc shoots a bolt.
The bolt barely misses you.
The orc shoots a bolt.
You block the bolt.
The orc warrior shoots a bolt.
The bolt hits you!
The orc shoots a bolt.
You block the bolt.
You hear a shout!
The orc warrior shoots a bolt.
The bolt hits you!!
* * * LOW HITPOINT WARNING * * *
The orc warrior shoots a bolt.
The bolt hits you!
You die...
Xom chortles!

.# ##..............#
##.............#
#.............#
##............#
#............#
#............#
#............#
##............#
#.....@.......
##............. #
##.............. ####
#...≈≈≈.≈≈...... ...##
......≈##.#≈≈..... .....
......≈#∩o##≈.....
...............o( ≈.....
............≈##.##≈.....
..... ......≈ ### ≈.....


You could see an orc warrior and an orc.

Vanquished Creatures
  The ghost of Chadd the Chopper, an amateur HOMo (D:4)
  Sigmund (D:6)
  2 water moccasins (D:5)
  A sky beast (D:6)
  2 orc warriors (Bailey)
  4 ice beasts
  2 centaurs
  An ogre (D:6)
  2 bullfrogs
  A gnoll sergeant (D:6)
  A scorpion (D:6)
  4 wights (D:6)
  4 hounds
  A gnoll bouda (D:4)
  3 orc wizards (D:5)
  8 gnolls (D:4)
  9 adders
  2 white imps (D:5)
  An ufetubus (D:5)
  A worm (D:3)
  A dart slug (D:2)
  15 orcs
  7 endoplasms
  A giant cockroach (D:1)
  5 goblins
  6 hobgoblins
  2 quokkas
  9 ball pythons
  3 bats (D:1)
  8 frilled lizards
  3 kobolds
  7 rats
118 creatures vanquished.

Notes
Turn   | Place    | Note
-------+----------+-------------------------------------------
     0 | D:1      | fortdeath9 the Troll Fighter began the quest for the Orb.
     0 | D:1      | Reached XP level 1. HP: 22/22 MP: 0/0
   188 | D:1      | Reached XP level 2. HP: 29/29 MP: 1/1
   402 | D:1      | Found a faded altar of an unknown god.
   410 | D:1      | Prayed at the altar of an unknown god.
   410 | D:1      | Became a worshipper of Xom of Chaos
   869 | D:2      | XOM: stealth player
   923 | D:2      | Identified the amulet of Dishonour {Faith +Blink rElec rN++
                  | Int-4}
   937 | D:2      | Reached XP level 3. HP: 34/36 MP: 2/2
  1028 | D:2      | Found Aceigo's Distillery.
  1161 | D:2      | Reached skill level 3 in Shields
  1332 | D:2      | XOM: 7-stop teleportation journey
  1412 | D:3      | Found a shimmering altar of Xom.
  1498 | D:3      | Reached XP level 4. HP: 44/44 MP: 3/3
  1502 | D:3      | Found a sparkling altar of Nemelex Xobeh.
  1565 | D:3      | Found a runed translucent gate.
  1567 | D:3      | Noticed Imhoden's ghost (amateur DrAE)
  1568 | D:3      | Found a runed translucent gate.
  1568 | D:3      | Noticed a kobold brigand
  1569 | D:3      | Found a runed translucent gate.
  1651 | D:3      | XOM: silly message
  1870 | D:3      | XOM: noise
  1961 | D:4      | Reached skill level 1 in Short Blades
  2134 | D:4      | Found a glowing golden altar of the Shining One.
  2145 | D:4      | Fell from the grace of Xom
  2145 | D:4      | Became a worshipper of the Shining One
  2249 | D:4      | Reached XP level 5. HP: 37/52 MP: 4/4
  2369 | D:4      | XOM: give mutations
  2369 | D:4      | Gained mutation: You are dopey. (Int -2) [Xom's mischief]
  2369 | D:4      | Gained mutation: You are frail. (-10% HP) [Xom's mischief]
  2406 | D:4      | Found a runed translucent door.
  2408 | D:4      | Noticed Chadd's ghost (amateur HOMo)
  2433 | D:4      | Killed Chadd's ghost
  2434 | D:4      | Reached XP level 6. HP: 25/54 MP: 5/5
  2504 | D:4      | Reached XP level 7. HP: 50/60 MP: 6/6
  2591 | D:5      | Entered Level 5 of the Dungeon
  2622 | D:5      | Reached skill level 4 in Shields
  2691 | D:5      | Reached * piety under the Shining One
  2710 | D:5      | Found a staircase to the Ecumenical Temple.
  2736 | D:5      | Reached XP level 8. HP: 48/70 MP: 7/7
  2863 | D:5      | Learned a level 4 spell: Summon Ice Beast
  3013 | D:5      | XOM: give mutations
  3013 | D:5      | Gained mutation: You are strong-willed. (Will+) [Xom's
                  | mischief]
  3013 | D:5      | Gained mutation: You are clumsy. (Dex -2) [Xom's mischief]
  3013 | D:5      | Gained mutation: You are weak. (Str -2) [Xom's mischief]
  3060 | D:5      | XOM: give mutations
  3060 | D:5      | Lost mutation: You are weak. (Str -2) [Xom's mischief]
  3060 | D:5      | Lost mutation: You are dopey. (Int -2) [Xom's mischief]
  3060 | D:5      | Gained mutation: You are weak. (Str -2) [Xom's mischief]
  3142 | Temple   | Entered the Ecumenical Temple
  3284 | D:6      | Reached skill level 5 in Shields
  3497 | D:6      | Reached skill level 5 in Short Blades
  3614 | D:6      | Found Doextuq's Weapon Boutique.
  3639 | D:6      | Reached skill level 1 in Axes
  3656 | D:6      | XOM: stat loss: -2 Int (6/8)
  3784 | D:6      | Reached skill level 5 in Dodging
  3890 | D:6      | Noticed Sigmund
  3901 | D:6      | Killed Sigmund
  3902 | D:6      | Reached XP level 9. HP: 76/76 MP: 8/8
  4234 | D:7      | Found a flagged portal.
  4249 | Bailey   | Entered a bailey
  4289 | Bailey   | Reached skill level 6 in Shields
  4355 | Bailey   | XOM: 1-stop teleportation journey
  4443 | Bailey   | Shot with a bolt by an orc warrior

Illustrated notes

Levels and vault maps discovered:
D:1:      eino_arrival_water_cross, layout_basic,
          shapermc_ecumenical_altar_acropolis
D:2:      layout_rooms, serial_shops, shop, grunt_decor_one_mirror,
          minmay_pentomino_u4
D:3:      layout_basic, mainiacjoe_overflow_catwalk,
          grunt_temple_overflow_diamond, amcnicky_altar_gilded,
          gammafunk_ghost_nasty_kobolds
D:4:      layout_loops_cross, old_standard_altar, ebering_ghost_reflecting_pool
D:5:      layout_rooms, minmay_temple_entry_purple_smoke,
          kennysheep_generic_room_6
D:6:      layout_basic, serial_shops, shop_statue, kennysheep_generic_room_14,
          uniq_sigmund
D:7:      layout_gridville, okawaru_trees_1, lemuel_zombie_altar_yredelemnul,
          enter_bailey_2, uniq_menkaure
Temple:   compressed_dpeg_triangle_lava_temple
Bailey:   bailey_polearm_2, bailey

Skill      XL: |  1  2  3  4  5  6  7  8  9 |
---------------+----------------------------+-----
Dodging        | 3 4 5 |  5.5
Shields        | 3 4 5 6 |  6.1
Short Blades   | 1 3 4 5 |  5.0
Fighting       | 3 4 |  4.4
Axes           | 2 3 |  3.0
Throwing       | |  0.4
Stealth        | |  0.5
Unarmed Combat | |  2.6
Evocations     | |  0.3

Action                   |  1- 3 |  4- 6 |  7- 9 || total
-------------------------+-------+-------+-------++-------
Melee: Unarmed           |    21 |       |       ||    21
       Dagger            |    83 |   122 |   316 ||   521
Throw: Stone             |     1 |     2 |     2 ||     5
       Dart              |       |       |     5 ||     5
Evoke: Wand              |       |       |     5 ||     5
  Use: Scroll            |     4 |     2 |     1 ||     7
       Potion            |     2 |     2 |     3 ||     7
Armor: Robe              |    41 |    30 |    92 ||   163
Dodge: Dodged            |    36 |    35 |   130 ||   201
Block: Kite shield       |    38 |    41 |   127 ||   206
